 Dungeon Crawl Stone Soup version 0.30.0-5-g1a98f26d00 (webtiles) character file.

Game seed: 12982252933332570513

347 NinjaNoafa the Firebug (level 6, 0/28 HPs)
             Began as a Vine Stalker Fire Elementalist on May 10, 2023.
             Was an Initiate of Vehumet.
             Slain by an iguana (12 damage)
             ... on level 4 of the Dungeon on May 11, 2023.
             The game lasted 00:10:01 (4372 turns).

NinjaNoafa the Firebug (VSFE)                       Turns: 4372, Time: 00:10:01

Health: 0/28       AC:  4    Str: 10    XL:     6   Next: 59%
Magic:  0/13       EV: 12    Int: 17    God:    Vehumet [......]
Gold:   157        SH:  0    Dex: 15    Spells: 10/13 levels left

rFire   + . .        c - +0 short sword
rCold   x . .        (no shield)
rNeg    + . .        a - +0 robe
rPois   .            (no helmet)
rElec   .            p - +0 cloak
rCorr   .            e - +0 pair of gloves
SInv    .            (no boots)
Will    .....        (no amulet)
Stlth   ++           q - ring of fire
HPRegen 1.04/turn    x - ring of positive energy
MPRegen 0.13/turn

%: guardian spirit
@: no status effects
A: fangs 2, regeneration 1, magic shield, antimagic bite, no potion heal 2
a: Renounce Religion


You were on level 4 of the Dungeon.
You worshipped Vehumet.
Vehumet was noncommittal.
You visited 2 branches of the dungeon, and saw 6 of its levels.

You collected 157 gold pieces.

Inventory:

Hand Weapons
 c - a +0 short sword (weapon)
Missiles
 f - 4 boomerangs of dispersal
 k - 6 atropa-tipped darts
 r - 5 javelins
 v - 2 poisoned darts
Armour
 a - a +0 robe (worn)
 e - a +0 pair of gloves (worn)
 p - a +0 cloak (worn)
Jewellery
 q - a ring of fire (left hand)
 t - a ring of ice
 x - a ring of positive energy (right hand)
 z - a ring of resist corrosion
Wands
 y - a wand of iceblast (11)
Scrolls
 d - 3 scrolls of immolation {unknown}
 g - 2 scrolls of brand weapon {unknown}
 j - a scroll of vulnerability {unknown}
 n - 5 scrolls of identify {unknown}
 s - a scroll of fog {unknown}
Potions
 b - 3 potions of magic
 h - a potion of attraction {unknown}
 i - 3 potions of brilliance {unknown}
 l - a potion of curing {unknown}
 m - 2 potions of ambrosia {unknown}
 o - a potion of flight {unknown}
 u - a potion of cancellation {unknown}
 w - a potion of lignification {unknown}


   Skills:
 - Level 1.5 Dodging
 - Level 2.4 Stealth
 + Level 4.2 Spellcasting
 + Level 3.8 Conjurations
 + Level 4.7 Fire Magic


You had 10 spell levels left.
You knew the following spells:

 Your Spells              Type           Power      Damage    Failure   Level
a - Foxfire               Conj/Fire      100%       2x1d9     2%          1
b - Scorch                Fire           58%        2d7       3%          2

Your spell library contained the following spells:

 Spells                   Type           Power      Damage    Failure   Level
 Sting                    Tmut/Pois      12%        1d3       16%         1
 Inner Flame              Hex/Fire       17%        N/A       17%         3
 Volatile Blastmotes      Fire/Tloc      34%        2d12      17%         3
 Flame Wave               Conj/Fire      27%        2d9       26%         4
 Tukima's Dance           Hex            3%         N/A       43%         3
 Passage of Golubria      Tloc           3%         N/A       83%         4
 Irradiate                Conj/Tmut      5%         3d13      89%         5
 Blade Hands              Tmut           1%         N/A       99%         5
 Yara's Violent Unravell  Hex/Tmut       1%         3d3       99%         5
 Dragon Form              Tmut           1%         N/A       100%        7


Dungeon Overview and Level Annotations

Branches:
Dungeon (5/15) Zot: 26028  Temple (1/1) D:4 Zot: 5590

Altars:
Ashenzari
Dithmenos
Elyvilon
Fedhas
Gozag
Hepliaklqana
Kikubaaqudgha
Makhleb
Nemelex Xobeh
Okawaru
Qazlal
Ru
Sif Muna
Trog
Uskayaw
Vehumet
Wu Jian
Xom
Yredelemnul
Zin
The Shining One


Innate Abilities, Weirdness & Mutations

You have extremely sharp teeth.
Your natural rate of healing is unusually fast.
When hurt, damage is shared between your health and your magic reserves.
Your bite disrupts and absorbs the magic of your enemies.
Potions cannot restore your health.


Message History

Unknown command.
The foxfire hits the iguana.
The iguana is lightly wounded.
The foxfire hits the iguana but does no damage.
The iguana is lightly wounded.
Saving game... please wait.
Welcome back, NinjaNoafa the Vine Stalker Fire Elementalist.
Vehumet says: Let it end in hellfire!
Press ? for a list of commands and other information.
Aiming: Iceblast
Press: ? - help, Shift-Dir - straight line The mass of ice explodes!
The iceblast engulfs the iguana!
The iguana is heavily wounded.
The iguana closely misses you. The iguana barely misses you.
Casting: Foxfire (safe; 2% risk of failure)
Press: ? - help, Q - select action, (/) - cycle Dir - look around, f - activate You feel a surge of power!
You conjure some foxfire!
The iguana bites you.
* * * LOW HITPOINT WARNING * * *
The iguana bites you.
* * * LOW HITPOINT WARNING * * *
Unknown command.
Unknown command.
Unknown command.
The iguana attacks as you move away! The iguana barely misses you.
The foxfire hits the iguana.
The iguana is heavily wounded.
The foxfire hits the iguana but does no damage.
The iguana is heavily wounded.
You hit the iguana.
The iguana is severely wounded.
The iguana closely misses you. The iguana misses you.
You hit the iguana. Your bite misses the iguana.
The iguana is severely wounded.
The iguana bites you but does no damage.
The iguana barely misses you.
You completely miss the iguana.
The iguana is severely wounded.
The iguana bites you!
You die...

..#..#########.......##'##'######
..#..#...............#.........##
..#'##...............#...........
........>.....>......#..##.....##
.....................#..##.....##
..........####.......#..#......##
..........+..#.......#..#.......#
..........#..#.ll....'..#.......+
..........#'##..@....############
#######'#....#####............###
....#...#....#...#............#..
....'...#.(..#...'............#..
....##..+....#...#............#..
###'##..#....#...########.....#'#
....###+#....#..........'.....#..
....##..#....#..........#.....'..
.....+..#....#...###....#.....###


You could see 2 iguanas.

Vanquished Creatures
  Grinder (D:3)
  An iguana (D:5)
  An orc wizard (D:3)
  An adder (D:2)
  3 worms
  A dart slug (D:2)
  5 orcs
  5 bats
  5 endoplasms (D:2)
  3 giant cockroaches
  7 hobgoblins
  3 jackals (D:1)
  7 kobolds
  3 quokkas (D:3)
  9 ball pythons
  4 frilled lizards
  5 goblins
  10 rats
74 creatures vanquished.

Vanquished Creatures (others)
  163 foxfires
163 creatures vanquished.

Grand Total: 237 creatures vanquished

Notes
Turn   | Place    | Note
-------+----------+-------------------------------------------
     0 | D:1      | NinjaNoafa the Vine Stalker Fire Elementalist began the
                  | quest for the Orb.
     0 | D:1      | Reached XP level 1. HP: 9/9 MP: 4/4
    46 | D:1      | Found a faded altar of an unknown god.
    72 | D:1      | Got Plato's Codex of Putrescence
   201 | D:1      | Reached XP level 2. HP: 13/13 MP: 0/6
   208 | D:1      | Learned a level 2 spell: Scorch
   698 | D:2      | Reached XP level 3. HP: 16/16 MP: 0/8
  1106 | D:2      | Gained mutation: Your natural rate of healing is unusually
                  | fast. [Vine Stalker growth]
  1106 | D:2      | Reached XP level 4. HP: 20/21 MP: 3/9
  1743 | D:3      | Found a burning altar of Makhleb.
  1865 | D:3      | Found an ornate altar of the Wu Jian Council.
  1954 | D:3      | Noticed Grinder
  2590 | D:3      | Reached XP level 5. HP: 19/24 MP: 0/11
  2654 | D:3      | Paralysed by Grinder for 5 turns
  2665 | D:3      | Paralysed by Grinder for 5 turns
  2673 | D:3      | Killed Grinder
  2674 | D:3      | Reached XP level 6. HP: 25/28 MP: 0/13
  3364 | D:4      | Found a staircase to the Ecumenical Temple.
  3472 | Temple   | Entered the Ecumenical Temple
  3542 | Temple   | Became a worshipper of Vehumet
  4195 | D:5      | Entered Level 5 of the Dungeon
  4372 | D:4      | Slain by an iguana

Illustrated notes

Levels and vault maps discovered:
D:1:      mrwooster_arrival_statue, layout_rooms,
          shapermc_ecumenical_altar_rom_forum
D:2:      layout_loops_corners
D:3:      layout_basic, mainiacjoe_overflow_24_doors, amcnicky_altar_gilded,
          serial_bayou_ford_a, uniq_grinder
D:4:      layout_gridville, minmay_temple_entry_statues
D:5:      layout_cave_pools, marbit_many_paths, serial_shops,
          nicolae_shop_pleasant_corner_grove
Temple:   compressed_dpeg_triangle_lava_temple

Skill      XL: |  1  2  3  4  5 |
---------------+----------------+-----
Conjurations   | 2 3 |  3.8
Spellcasting   | 3 4 |  4.2
Fire Magic     | 4 |  4.7
Dodging        | |  1.5
Stealth        | |  2.4

Action                     |  1- 3 |  4- 6 || total
---------------------------+-------+-------++-------
  Melee: Short sword       |    12 |    42 ||    54
         Unarmed           |     3 |       ||     3
         Bite              |     3 |     8 ||    11
         Punch             |     1 |     1 ||     2
   Cast: Foxfire           |    50 |    54 ||   104
         Scorch            |     5 |     9 ||    14
  Evoke: Wand              |       |     1 ||     1
   Stab: Sleeping          |     1 |     2 ||     3
 Armour: Robe              |     2 |    23 ||    25
  Dodge: Dodged            |    14 |    40 ||    54
